 Dungeon Crawl Stone Soup version 0.21-a0-521-g1cd18d1 (webtiles) character file.

11329 Gerstahl the Fighter (level 11, 0/102 HPs)
             Began as a Pale Draconian Gladiator on Dec 5, 2017.
             Was a Priest of Ashenzari.
             Succumbed to a spiny frog's poison
             ... on level 1 of the Lair of Beasts.
             The game lasted 00:20:18 (12313 turns).

Gerstahl the Fighter (Pale Draconian Gladiator)    Turns: 12313, Time: 00:20:19

Health: 0/102      AC: 12    Str: 16 (17) XL:     11   Next: 47%
Magic:  16/16      EV: 18    Int:  6 (8)  God:    Ashenzari [***...]
Gold:   534        SH:  0    Dex: 14      Spells: 10/10 levels left

rFire    + . .     SeeInvis +   a - +1 war axe
rCold    + . .     Gourm    .   (no shield)
rNeg     . . .     Faith    .   (armour unavailable)
rPois    +         Spirit   .   b - +0 hat
rElec    +         Reflect  .   D - +2 cloak
rCorr    +         Harm     .   g - +1 pair of gloves
MR       .....                  (no boots)
Stlth    +.........             o - amulet of magic regeneration
HPRegen  0.27/turn              (no ring)
MPRegen  0.40/turn              (no ring)

@: lethally poisoned (0 -> -2), resistant
A: breathe steam, unfitting armour, stinger 2, clumsy 1, cold-blooded, AC +7
a: Breathe Steam, Curse Item, Scrying, Renounce Religion


You were on level 1 of the Lair of Beasts.
You worshipped Ashenzari.
Ashenzari was most pleased with you.
You were hungry.

You visited 2 branches of the dungeon, and saw 11 of its levels.

You collected 534 gold pieces.

Inventory:

Hand Weapons
 a - a +1 war axe (weapon)
Missiles
 c - 3 throwing nets (quivered)
Armour
 b - a +0 hat (worn)
 g - a +1 pair of gloves (worn)
 D - a +2 cloak (worn)
Jewellery
 o - an amulet of magic regeneration (around neck)
 x - an uncursed ring of positive energy
Wands
 v - a wand of paralysis (29)
 y - a wand of iceblast (8)
 A - a wand of enslavement (33)
Scrolls
 h - 11 scrolls of identify
 i - 12 scrolls of remove curse
 k - a scroll of amnesia
 m - 2 scrolls of enchant weapon
 p - 3 scrolls of magic mapping
 r - 2 scrolls of noise
 s - 2 scrolls of enchant armour
 u - 3 scrolls of teleportation
Potions
 j - a potion of flight
 q - a potion of resistance
 t - 3 potions of brilliance
 w - a potion of haste
Miscellaneous
 E - a phial of floods
Comestibles
 d - 10 bread rations
 f - 6 meat rations
 l - 4 royal jellies


   Skills:
 + Level 11.1 Fighting
 + Level 10.6 Axes
 - Level 1.7 Throwing
 + Level 8.9 Dodging
 + Level 7.6 Evocations


You had 10 spell levels left.
You didn't know any spells.

Dungeon Overview and Level Annotations

Branches:
Dungeon (10/15)            Temple (0/1) D:7            Lair (1/6) D:10
    Orc: D:9-12

Altars:
Ashenzari
Fedhas
Hepliaklqana
Kikubaaqudgha
Nemelex Xobeh
Ru
Trog
Uskayaw
Wu Jian
Xom

Shops:
D:6 [

Annotations:
D:3 anything's ghost, amateur OpTm


Innate Abilities, Weirdness & Mutations

You can breathe blasts of scalding, opaque steam.
Your pale cyan-grey scales are hard. (AC +7)
You cannot fit into any form of body armour.
You are cold-blooded and may be slowed by cold attacks.
Your tail ends in a sharp poisonous barb.
You are clumsy. (Dex -2)


Message History

You feel sick.
* * * LOW HITPOINT WARNING * * *
You feel sick.
You see here a scroll of identify.
There is a lethal amount of poison in your body!
There is a lethal amount of poison in your body!
There is a lethal amount of poison in your body!
There is a lethal amount of poison in your body!
* * * LOW HITPOINT WARNING * * *
You feel sick.
A crocodile comes into view.
* * * LOW HITPOINT WARNING * * *
You feel sick.
* * * LOW HITPOINT WARNING * * *
You feel sick.
* * * LOW HITPOINT WARNING * * *
You feel sick.
* * * LOW HITPOINT WARNING * * *
You feel sick.
You die...

......#* #.)### *
, ......
#####....# * ,
#..#####P#.#≈.≈≈.
*#...........≈≈≈≈≈
,
#...........;≈≈≈≈
,* ,
#..######....≈≈≈≈
** * #t..#
#....≈≈≈≈ ##..##
*#...<≈≈≈≈ *
#@..P# #P.....≈≈≈
##..## ##....≈≈≈≈
* #### ###..≈≈≈≈
####.≈≈ ###


You could see a crocodile.

Vanquished Creatures
  Erica (D:8)
  2 unseen horrors (D:10)
  Pikel (D:9)
  A manticore (D:8)
  Psyche (D:8)
  A spiny frog (Lair:1)
  A komodo dragon (D:10)
  2 trolls (D:9)
  A hornet (D:8)
  Grinder (D:4)
  2 hippogriffs (D:9)
  8 yaks
  4 hogs (D:7)
  A hungry ghost (D:9)
  A human (D:7)
  Menkaure (D:4)
  Edmund (D:5)
  3 orc warriors
  3 ice beasts
  3 slaves (D:9)
  2 black bears
  2 necrophages (D:9)
  3 sky beasts
  6 ogres
  5 centaurs
  A crocodile (D:9)
  A big kobold (D:8)
  A wyvern zombie (D:9)
  6 bullfrogs
  3 scorpions
  5 wights (D:6)
  5 killer bees (D:8)
  A howler monkey (D:9)
  2 crimson imps
  A centaur zombie (D:5)
  A bullfrog zombie (D:4)
  3 hounds
  A jelly (D:10)
  3 orc priests
  3 iguanas
  8 orc wizards
  A bullfrog skeleton (D:6)
  A gnoll shaman (D:6)
  7 worker ants
  A hound zombie (D:8)
  A hound skeleton (D:4)
  2 worker ant zombies
  Robin (D:4)
  11 gnolls
  14 adders
  2 shadow imps (D:6)
  An ooze (D:6)
  2 adder skeletons
  5 worms
  A dart slug (D:2)
  5 leopard geckos
  24 orcs
  3 giant cockroaches
  15 goblins
  9 hobgoblins
  2 jackals (D:3)
  8 kobolds
  4 quokkas
  3 ball pythons
  A ball python skeleton (D:4)
  8 bats
  5 frilled lizards
  A quokka skeleton (D:4)
  3 rats
  A rat zombie (D:2)
  A plant (D:10)
245 creatures vanquished.

Vanquished Creatures (others)
  An orc wizard (D:7)
1 creature vanquished.

Grand Total: 246 creatures vanquished

Notes
Turn   | Place    | Note
-------+----------+-------------------------------------------
     0 | D:1      | Gerstahl the Draconian Gladiator began the quest for the Orb.
     0 | D:1      | Reached XP level 1. HP: 17/17 MP: 1/1
   491 | D:1      | Reached XP level 2. HP: 25/25 MP: 2/2
   881 | D:2      | Found a shattered altar of Ashenzari.
   883 | D:2      | Found a sacrificial altar of Ru.
   884 | D:2      | Found a hazy altar of Hepliaklqana.
   908 | D:2      | Became a worshipper of Ashenzari the Shackled
   917 | D:2      | Found a hide-covered altar of Uskayaw.
   947 | D:2      | Reached skill level 3 in Fighting
  1049 | D:2      | Reached XP level 3. HP: 25/31 MP: 3/3
  1148 | D:2      | Found an ornate altar of the Wu Jian Council.
  1151 | D:2      | Found a sparkling altar of Nemelex Xobeh.
  1154 | D:2      | Found a shimmering altar of Xom.
  1273 | D:2      | Found an ancient bone altar of Kikubaaqudgha.
  1369 | D:2      | Reached XP level 4. HP: 32/40 MP: 4/4
  1851 | D:3      | Noticed anything's ghost (amateur OpTm)
  1962 | D:3      | Reached skill level 4 in Fighting
  2086 | D:3      | Reached * piety under Ashenzari
  2374 | D:4      | Reached XP level 5. HP: 43/47 MP: 5/5
  2432 | D:4      | Noticed Menkaure
  2438 | D:4      | Killed Menkaure
  2438 | D:4      | Reached skill level 5 in Fighting
  2438 | D:4      | Reached skill level 5 in Axes
  2438 | D:4      | Reached XP level 6. HP: 17/56 MP: 6/6
  2757 | D:4      | Noticed Robin
  2782 | D:4      | Killed Robin
  3274 | D:4      | Noticed Grinder
  3281 | D:4      | Paralysed by Grinder for 2 turns
  3291 | D:4      | Killed Grinder
  3291 | D:4      | Reached skill level 6 in Fighting
  3291 | D:4      | Your scales start taking on a pale cyan-grey colour.
  3291 | D:4      | Reached XP level 7. HP: 9/63 MP: 7/7
  3600 | D:4      | Found a bloodstained altar of Trog.
  3791 | D:5      | Entered Level 5 of the Dungeon
  3936 | D:5      | Noticed Edmund
  3937 | D:5      | Reached XP level 8. HP: 71/71 MP: 8/8
  3949 | D:5      | Killed Edmund
  3949 | D:5      | Reached skill level 7 in Fighting
  4275 | D:5      | Reached skill level 5 in Dodging
  4585 | D:6      | Found Hoono's Antique Armour Emporium.
  5064 | D:6      | Reached skill level 8 in Fighting
  5530 | D:6      | Reached XP level 9. HP: 46/81 MP: 9/9
  5679 | D:6      | Reached ** piety under Ashenzari
  6251 | D:7      | Reached skill level 1 in Evocations
  7128 | D:7      | Found a staircase to the Ecumenical Temple.
  7191 | D:7      | Reached skill level 9 in Fighting
  7761 | D:8      | Noticed Psyche
  7767 | D:8      | Killed Psyche
  7767 | D:8      | Reached XP level 10. HP: 78/91 MP: 13/13
  7800 | D:8      | Noticed Erica
  7829 | D:8      | HP: 3/91 [poisoned by Erica (bolt of poison)]
  7849 | D:8      | Killed Erica
  8199 | D:8      | Reached skill level 5 in Evocations
  8229 | D:8      | Noticed a manticore
  8258 | D:8      | Killed a manticore
  8522 | D:8      | Reached skill level 10 in Fighting
  9072 | D:9      | Noticed Pikel
  9097 | D:9      | Killed Pikel
  9362 | D:9      | Reached skill level 10 in Axes
  9411 | D:9      | HP: 4/94 [troll (9)]
  9923 | D:9      | Reached XP level 11. HP: 84/101 MP: 15/15
 10697 | D:9      | Gained mutation: You are clumsy. (Dex -2) [potion of mutation]
 10697 | D:9      | Gained mutation: Your tail ends in a poisonous barb. [potion of mutation]
 10697 | D:9      | Gained mutation: Your tail ends in a sharp poisonous barb. [potion of mutation]
 10708 | D:10     | Entered Level 10 of the Dungeon
 10768 | D:10     | Found a blossoming altar of Fedhas.
 10770 | D:10     | Killed an unseen horror
 11273 | D:10     | Killed an unseen horror
 11621 | D:10     | Found a blossoming altar of Fedhas.
 11728 | D:10     | Reached skill level 11 in Fighting
 12003 | D:10     | Reached *** piety under Ashenzari
 12004 | D:10     | Found a staircase to the Lair.
 12278 | Lair:1   | Entered Level 1 of the Lair of Beasts
 12305 | Lair:1   | HP: 5/102 [poisoned by a spiny frog]
 12309 | Lair:1   | HP: 2/102 [poisoned by a spiny frog]
 12313 | Lair:1   | Succumbed to a spiny frog's poison

Vault maps used:
D:1:      dpeg_arrival_another_circle, minivault_11
D:2:      grunt_temple_overflow_diamond, nicolae_overflow_quartered_altars,
          lemuel_zombie_altar_kikubaaqudgha
D:3:      first_bread, guppyfry_early_orc_mine
D:4:      trog_hazing_becter, uniq_menkaure, uniq_grinder, uniq_robin
D:5:      supply_closet_lemuel, uniq_edmund
D:6:      serial_shops, nicolae_shop_behind_doors, minivault_26
D:7:      temple_green, grunt_livestock, minivault_5
D:8:      kb_rosetta, uniq_erica, uniq_psyche
D:9:      uniq_pikel
D:10:     dpeg_oklobed_lair, basic_altar, fedhas_bush_and_centaur_altar
Lair:1:   statuecave_lemuel, beast_lair_carwin_6, infiniplex_staircase_pool

Skill      XL: |  1  2  3  4  5  6  7  8  9 10 11 |
---------------+----------------------------------+-----
Fighting       | 3 4 5 6 8 9 10 11 | 11.1
Axes           | 4 5 6 7 9 10 | 10.6
Dodging        | 3 4 5 7 8 |  8.9
Evocations     | 4 6 7 |  7.6
Throwing       | |  1.7

Action                   |  1- 3 |  4- 6 |  7- 9 | 10-12 || total
-------------------------+-------+-------+-------+-------++-------
Melee: War axe           |    72 |   145 |   288 |   276 ||   781
       Tailslap          |     8 |    25 |    47 |    47 ||   127
Throw: Throwing net      |       |     3 |       |       ||     3
 Abil: Breathe Steam     |       |       |    11 |    22 ||    33
  Use: Potion            |       |       |     2 |    15 ||    17
       Scroll            |       |       |       |    10 ||    10
 Stab: Sleeping          |       |     3 |     2 |     1 ||     6
       Held in net/web   |       |     2 |       |       ||     2
  Eat: Chunk             |     1 |     6 |     5 |    11 ||    23
       Fruit             |       |       |     5 |       ||     5
       Royal jelly       |       |       |     3 |     4 ||     7
Armor: Skin              |    24 |    45 |   107 |   139 ||   315
Dodge: Dodged            |    48 |   101 |   281 |   226 ||   656

Table legend:
 A = Spawn XP
 B = Non-spawn XP
 C = Spawn XP percentage of total XP
 D = Spawn monster count
 E = Non-spawn monster count
 F = Spawn count percentage of total count
 G = Total turns spent on level
                    A         B        C        D         E        F      G
               +---------+---------+-------+---------+---------+-------+---------
         Total |       0 |   16185 |   0.0 |       0 |     242 |   0.0 | 12313
               +---------+---------+-------+---------+---------+-------+---------
           D:1 |       0 |      14 |   0.0 |       0 |       9 |   0.0 |   805
           D:2 |       0 |      90 |   0.0 |       0 |      22 |   0.0 |   893
           D:3 |       0 |      72 |   0.0 |       0 |      23 |   0.0 |   669
           D:4 |       0 |     790 |   0.0 |       0 |      30 |   0.0 |  1424
           D:5 |       0 |    1024 |   0.0 |       0 |      22 |   0.0 |   787
           D:6 |       0 |     821 |   0.0 |       0 |      25 |   0.0 |  1433
           D:7 |       0 |    1932 |   0.0 |       0 |      31 |   0.0 |  1337
           D:8 |       0 |    3668 |   0.0 |       0 |      30 |   0.0 |  1656
           D:9 |       0 |    3570 |   0.0 |       0 |      26 |   0.0 |  1704
          D:10 |       0 |    3771 |   0.0 |       0 |      23 |   0.0 |  1570
        Lair:1 |       0 |     433 |   0.0 |       0 |       1 |   0.0 |    35
               +---------+---------+-------+---------+---------+-------+---------
